 Dungeon Crawl Stone Soup version 0.31.0-32-g396128a36d (webtiles) character file.

Game seed: 66443649432460019

2372 PaiMei the Reanimator (level 9, -5/68 HPs)
             Began as a Demonspawn Necromancer on Apr 18, 2024.
             Slain by a vampire (6 damage)
             ... on level 7 of the Dungeon.
             The game lasted 00:11:08 (8212 turns).

PaiMei the Reanimator (Demonspawn Necromancer)      Turns: 8212, Time: 00:11:08

Health: -5/68      AC:  5    Str:  9    XL:     9   Next: 21%
Magic:  18/18      EV: 11    Int: 20    God:
Gold:   586        SH:  0    Dex: 15    Spells: 12/20 levels left

rFire   . . .        o - +6 hammer of Deformation {flame, rElec Will- Stlth+}
rCold   . . .        t - +1 buckler
rNeg    . . .        j - +0 ring mail of Grot {Regen+}
rPois   .            (no helmet)
rElec   +            (no cloak)
rCorr   +            (no gloves)
SInv    .            (no boots)
Will    .....        (no amulet)
Stlth   ++           a - ring of resist corrosion
HPRegen 1.11/turn    (no ring)
MPRegen 0.16/turn

%: no passive effects
@: confused, mighty, enlightened, flying, studying Stealth
A: hooves 2, thin skeletal structure 1
a: no special abilities


You were on level 7 of the Dungeon.
You visited 2 branches of the dungeon, and saw 8 of its levels.
You also visited: Ossuary.

You collected 586 gold pieces.

Inventory:

Hand Weapons
 l - the +4 hand axe "Pofuott" {protect, Int+2 Dex+2}
   (You found it on level 2 of the Dungeon)

   Int+2:     It affects your intelligence (+2).
   Dex+2:     It affects your dexterity (+2).
 o - the +6 hammer of Deformation (weapon) {flame, rElec Will- Stlth+}
   (You found it on level 2 of the Dungeon)

   rElec:     It insulates you from electricity.
   Will-:     It decreases your willpower.
   Stlth+:    It makes you more stealthy.
 p - the +1 hammer of Jiargh {spect, ^Drain Will- Str+8}
   (You found it on level 2 of the Dungeon)

   Str+8:     It affects your strength (+8).
   Will-:     It decreases your willpower.
   ^Drain:    It drains your maximum health when unequipped.
Missiles
 h - 9 javelins
 D - a throwing net
Armour
 j - the +0 ring mail of Grot (worn) {Regen+}
   (You found it on level 2 of the Dungeon)

   Regen+:    It increases your rate of health regeneration.
 t - a +1 buckler (worn)
 C - an orb of energy
Jewellery
 a - a ring of resist corrosion (left hand)
 B - a ring of ice
 E - a ring of ice
Wands
 u - a wand of light (4)
Scrolls
 c - a scroll of fear {unknown}
 e - a scroll of enchant weapon {unknown}
 f - 2 scrolls of acquirement
 g - 3 scrolls of enchant armour
 m - 3 scrolls of brand weapon {unknown}
 r - 3 scrolls of identify {unknown}
 w - 3 scrolls of noise {unknown}
 x - a scroll of teleportation {unknown}
 y - a scroll of blinking {unknown}
 z - a scroll of poison {unknown}
Potions
 b - a potion of magic
 d - a potion of lignification {unknown}
 i - a potion of ambrosia {unknown}
 k - a potion of might
 n - a potion of enlightenment
 q - 2 potions of heal wounds {unknown}
 s - a potion of attraction {unknown}
 v - a potion of haste {unknown}
 A - a potion of mutation {unknown}


   Skills:
 + Level 5.5 Fighting
 + Level 5.9 Dodging
 - Level 3.1 Stealth
 + Level 6.0 Spellcasting
 + Level 8.1 Necromancy


You had 12 spell levels left.
You knew the following spells:

 Your Spells              Type           Power      Damage    Failure   Level
a - Necrotise             Necr           100%       1d9       1%          1
b - Vampiric Draining     Necr           38%        2d8       4%          3
c - Animate Dead          Necr           38%        N/A       16%         4

Your spell library contained the following spells:

 Spells                   Type           Power      Damage    Failure   Level
 Sublimation of Blood     Necr           38%        N/A       2%          2
 Dispel Undead            Necr           38%        3d16      16%         4
 Cigotuvi's Dreadful Rot  Necr/Alch/Air  32%        N/A       24%         2
 Curse of Agony           Necr           38%        N/A       41%         5
 Apportation              Tloc           12%        N/A       43%         1
 Call Imp                 Summ           12%        N/A       56%         2
 Jinxbite                 Hex            12%        N/A       56%         2
 Martyr's Knell           Necr/Summ      22%        N/A       65%         4
 Dazzling Flash           Conj/Hex       12%        N/A       80%         3
 Frozen Ramparts          Ice            12%        1d2       80%         3
 Volatile Blastmotes      Fire/Tloc      12%        2d11      80%         3
 Death Channel            Necr           19%        N/A       94%         6
 Animate Armour           Summ/Erth      12%        N/A       99%         4
 Leda's Liquefaction      Alch/Erth      3%         N/A       99%         4
 Petrify                  Alch/Erth      6%         N/A       99%         4
 Summon Lightning Spire   Summ/Air       6%         N/A       99%         4
 Alistair's Intoxication  Alch           4%         N/A       100%        5
 Lee's Rapid Deconstruct  Erth           3%         3d5*      100%        5
 Metabolic Englaciation   Hex/Ice        3%         N/A       100%        5
 Starburst                Conj/Fire      3%         6d3       100%        6
 Summon Hydra             Summ           3%         N/A       100%        7
 Maxwell's Capacitive Co  Air            3%         ∞         100%        8


Dungeon Overview and Level Annotations

Branches:
Dungeon (7/15)             Temple (1/1) D:4         Ossuary (visited)

Altars:
Ashenzari
Cheibriados
Dithmenos
Fedhas
Gozag
Hepliaklqana
Nemelex Xobeh
Qazlal
Ru
Sif Muna
Uskayaw
Vehumet
Wu Jian
Xom
Yredelemnul

Annotations:
D:2 1 runed translucent door, Crazy Yiuf
D:3 3 runed translucent doors, PaiMei's ghost, weakling DsNe
D:5 2 transporters, flammie80's ghost, weakling FoMo


Innate Abilities, Weirdness & Mutations

You have hoof-like feet.
You have a somewhat thin skeletal structure. (Dex +2, Stealth+)


Message History

The vampire is moderately damaged.
The vampire hits you! The vampire bites you!
The vampire draws strength from your injuries!
You hit the vampire but do no damage. You kick the vampire.
The vampire is lightly damaged.
The vampire hits you! The vampire misses you. The vampire barely misses you.
You block the vampire's attack. The vampire attacks as it pursues you!
The vampire closely misses you. The vampire completely misses you.
The vampire attacks as it pursues you!
The vampire hits you but does no damage.
The vampire bites you.
The vampire draws strength from your injuries!
This is a scroll of acquirement!
Something appears at your feet! The vampire barely misses you.
The vampire bites you!
* * * LOW HITPOINT WARNING * * *
The vampire draws strength from your injuries!
As you read the scroll labelled ROENTE ZALAM, it crumbles to dust.
It is a scroll of enchant armour.
Your +0 buckler glows green for a moment.
The vampire gestures at you while chanting.
You are confused.
You are too confused!
You bump into the rock wall.
The vampire hits you.
* * * LOW HITPOINT WARNING * * *
The vampire bites you!
* * * LOW HITPOINT WARNING * * *
The vampire draws strength from your injuries!
It was a potion of might.
You feel very mighty all of a sudden.
The vampire mumbles some strange words.
The vampire flickers and vanishes!
Deactivating autopickup; reactivate with Ctrl-A.
It was a potion of enlightenment.
You feel very buoyant.
You fly up into the air.
Something hits you.
* * * LOW HITPOINT WARNING * * *
Something bites you.
You die...

.........+.........'...........#
.......###.........#.##........#
##.#.#.# ##.......##.##..#....##
#.###.# ##.....###.##.##.####
#.###.### ##..............#
#.##....# ##'#.####.#Z####
#.##..#.# #.#.# #.#.#
#.##..#.#####.#.####.#.#
##.##...........@..##.#.#
.........####...{.....#<#
##.##.#..# #.....#.####.#
#.##.#..# ##...##.# #.#
#.##....# ##.###.####.#
#......## #.# #......# ########
#.# ######## #.# #.#


There were no monsters in sight!

Vanquished Creatures
  Grinder (D:6)
  Sigmund (D:6)
  A wyvern (D:7)
  An ice beast (D:6)
  An orc warrior (D:7)
  A sky beast (D:7)
  An ogre (D:4)
  2 phantoms
  A centaur (D:5)
  A weeping skull (Ossuary)
  4 wights (D:7)
  A burial acolyte (Ossuary)
  A howler monkey (D:4)
  A bombardier beetle (D:5)
  2 hounds
  2 orc priests
  2 gnoll boudas
  2 human zombies (Ossuary)
  3 sleepcaps
  3 orc wizards
  5 iguanas
  2 mummies (Ossuary)
  12 gnolls
  5 adders
  A white imp (D:5)
  2 ufetubi (D:7)
  An adder zombie (Ossuary)
  4 dart slugs
  17 orcs
  6 endoplasms
  4 giant cockroaches
  5 goblins
  3 hobgoblins
  2 jackals (D:1)
  8 kobolds
  7 quokkas
  5 ball pythons
  6 bats
  6 frilled lizards
  A kobold zombie (Ossuary)
  An orc zombie (Ossuary)
  3 rats
138 creatures vanquished.

Vanquished Creatures (collateral kills)
  A jelly (D:4)
  An orc priest (D:5)
  An adder (D:3)
3 creatures vanquished.

Vanquished Creatures (others)
  A wyvern zombie (D:7)
1 creature vanquished.

Grand Total: 142 creatures vanquished

Notes
Turn   | Place    | Note
-------+----------+-------------------------------------------
     0 | D:1      | PaiMei the Demonspawn Necromancer began the quest for the
                  | Orb.
     0 | D:1      | Reached XP level 1. HP: 13/13 MP: 3/3
   183 | D:1      | Gained mutation: You have large cloven feet. [demonic
                  | ancestry]
   183 | D:1      | Reached XP level 2. HP: 11/19 MP: 0/5
  1115 | D:2      | Gained mutation: You have hoof-like feet. [demonic
                  | ancestry]
  1115 | D:2      | Reached XP level 3. HP: 18/24 MP: 0/6
  1488 | D:2      | Identified the +0 ring mail of Grot {Regen+}
  1591 | D:2      | Identified the +4 hand axe "Pofuott" {protect, Int+2 Dex+2}
  1989 | D:2      | Identified the +6 hammer of Deformation {flame, rElec Will-
                  | Stlth+}
  1992 | D:2      | Identified the +1 hammer of Jiargh {spect, ^Drain Will-
                  | Str+8}
  1997 | D:2      | Found a runed translucent door.
  1998 | D:2      | Noticed Crazy Yiuf
  2094 | D:3      | Found a faded altar of an unknown god.
  2325 | D:3      | Found a runed translucent gate.
  2325 | D:3      | Found a runed translucent gate.
  2336 | D:3      | Found a runed translucent gate.
  2340 | D:3      | Noticed PaiMei's ghost (weakling DsNe)
  2463 | D:3      | Reached XP level 4. HP: 30/30 MP: 4/8
  2730 | D:4      | Found a staircase to the Ecumenical Temple.
  2739 | Temple   | Entered the Ecumenical Temple
  2797 | D:4      | Reached skill level 5 in Necromancy
  2939 | D:4      | Learned a level 3 spell: Vampiric Draining
  2944 | D:4      | Learned a level 4 spell: Animate Dead
  2949 | D:4      | Reached XP level 5. HP: 35/35 MP: 4/9
  3053 | D:4      | Noticed an ogre
  3063 | D:4      | Killed an ogre
  3064 | D:4      | Reached skill level 1 in Fighting
  3683 | D:4      | Reached XP level 6. HP: 33/43 MP: 8/11
  4058 | D:5      | Entered Level 5 of the Dungeon
  4907 | D:5      | Reached skill level 6 in Necromancy
  4914 | D:5      | Reached XP level 7. HP: 18/51 MP: 8/12
  5199 | D:5      | Noticed flammie80's ghost (weakling FoMo)
  5259 | D:5      | Found a transporter.
  5378 | D:5      | Found a transporter.
  6086 | D:6      | Found a sand-covered staircase.
  6149 | Ossuary  | Entered an ossuary
  6149 | Ossuary  | Found a huge runed translucent gate.
  6149 | Ossuary  | Found a huge runed translucent gate.
  6149 | Ossuary  | Found a huge runed translucent gate.
  6149 | Ossuary  | Found a huge runed translucent gate.
  6149 | Ossuary  | Found a huge runed translucent gate.
  6149 | Ossuary  | Found a huge runed translucent gate.
  6149 | Ossuary  | Found a huge runed translucent gate.
  6149 | Ossuary  | Found a huge runed translucent gate.
  6169 | Ossuary  | Found a huge runed translucent gate.
  6169 | Ossuary  | Found a huge runed translucent gate.
  6169 | Ossuary  | Found a huge runed translucent gate.
  6170 | Ossuary  | Found a huge runed translucent gate.
  6170 | Ossuary  | Found a huge runed translucent gate.
  6172 | Ossuary  | Found a huge runed translucent gate.
  6172 | Ossuary  | Found a huge runed translucent gate.
  6181 | Ossuary  | Reached XP level 8. HP: 44/60 MP: 8/14
  6324 | Ossuary  | Found a huge runed translucent gate.
  6324 | Ossuary  | Found a huge runed translucent gate.
  6324 | Ossuary  | Found a huge runed translucent gate.
  6324 | Ossuary  | Found a huge runed translucent gate.
  6324 | Ossuary  | Found a huge runed translucent gate.
  6325 | Ossuary  | Found a huge runed translucent gate.
  6325 | Ossuary  | Found a huge runed translucent gate.
  6327 | Ossuary  | Found a huge runed translucent gate.
  6327 | Ossuary  | Found a huge runed translucent gate.
  6328 | Ossuary  | Found a huge runed translucent gate.
  6328 | Ossuary  | Found a huge runed translucent gate.
  6329 | Ossuary  | Found a huge runed translucent gate.
  6329 | Ossuary  | Found a huge runed translucent gate.
  6331 | Ossuary  | Found a huge runed translucent gate.
  6331 | Ossuary  | Found a huge runed translucent gate.
  6357 | Ossuary  | Found a huge runed translucent gate.
  6357 | Ossuary  | Found a huge runed translucent gate.
  6357 | Ossuary  | Found a huge runed translucent gate.
  6357 | Ossuary  | Found a huge runed translucent gate.
  6357 | Ossuary  | Found a huge runed translucent gate.
  6404 | Ossuary  | Reached skill level 7 in Necromancy
  6693 | D:6      | Found a hide-covered altar of Uskayaw.
  6693 | D:6      | Noticed a +0 short sword
  6693 | D:6      | Noticed Sigmund
  6694 | D:6      | Noticed a +0 dagger
  6694 | D:6      | Noticed a +0 falchion
  6694 | D:6      | Noticed a +0 spear
  6695 | D:6      | Noticed a +0 dagger
  6695 | D:6      | Noticed a +0 spear
  6695 | D:6      | Noticed a +0 short sword
  6696 | D:6      | Noticed a +0 falchion
  6701 | D:6      | Killed Sigmund
  6702 | D:6      | Reached skill level 5 in Dodging
  6702 | D:6      | Reached skill level 5 in Spellcasting
  6889 | D:6      | Noticed Grinder
  6902 | D:6      | Paralysed by Grinder for 2 turns
  6911 | D:6      | Killed Grinder
  7462 | D:7      | Reached skill level 5 in Fighting
  7469 | D:7      | Gained mutation: You have a somewhat thin skeletal
                  | structure. (Dex +2, Stealth+) [demonic ancestry]
  7469 | D:7      | Reached XP level 9. HP: 21/68 MP: 2/17
  7730 | D:7      | Reached skill level 8 in Necromancy
  8207 | D:7      | Identified 3 scrolls of acquirement
  8207 | D:7      | Acquired 465 gold pieces
  8212 | D:7      | HP: 1/68 [something (6)]
  8212 | D:7      | Slain by a vampire

Illustrated notes

Levels and vault maps discovered:
D:1:      sevenhm_arrival_forest_fort_small_4, layout_loops_ring
D:2:      layout_basic, kennysheep_generic_room_4, uniq_crazy_yiuf_cottage
D:3:      layout_basic, gammafunk_ghost_necromancy,
          ebering_ecumenical_altar_petrified
D:4:      layout_basic, minmay_temple_entry_junction, kennysheep_generic_room_14
D:5:      layout_loops_ring, gammafunk_ghost_stat_death
D:6:      layout_basic, nicolae_uskayaw_en_pointe, enter_ossuary_1,
          uniq_grinder, uniq_sigmund
D:7:      layout_loops_corners
Temple:   nicolae_temple_bog_church

Skill      XL: |  1  2  3  4  5  6  7  8  9 |
---------------+----------------------------+-----
Stealth        | 2 3 |  3.1
Dodging        | 2 3 4 5 |  5.9
Necromancy     | 5 6 7 8 |  8.1
Spellcasting   | 3 4 5 6 |  6.0
Fighting       | 1 2 3 5 |  5.5

Action                     |  1- 3 |  4- 6 |  7- 9 || total
---------------------------+-------+-------+-------++-------
  Melee: Whip              |    29 |       |       ||    29
         Kick              |     4 |    17 |    52 ||    73
         Hand axe          |       |    77 |    41 ||   118
         Mace              |       |       |   102 ||   102
   Cast: Necrotise         |    82 |    47 |    39 ||   168
         Vampiric Draining |       |    11 |    28 ||    39
         Animate Dead      |       |       |     1 ||     1
    Use: Scroll            |       |       |     2 ||     2
         Potion            |       |       |     2 ||     2
   Stab: Sleeping          |       |       |     2 ||     2
 Armour: Robe              |    25 |       |       ||    25
         Ring mail         |     3 |    94 |   206 ||   303
  Dodge: Dodged            |    41 |    65 |    96 ||   202
  Block: Buckler           |       |    17 |    44 ||    61
